 Dungeon Crawl Stone Soup version 0.19.1-1-g22dce08 (webtiles) character file.

100 ponk the Magician (level 4, 0/21 HPs)
             Began as a Spriggan Conjurer on Jan 8, 2017.
             Succumbed to an adder's poison
             ... on level 3 of the Dungeon.
             The game lasted 00:16:36 (2889 turns).

ponk the Magician (Spriggan Conjurer)               Turns: 2889, Time: 00:16:37

Health: 0/21       AC:  3    Str:  4    XL:     4   Next: 47%
Magic:  3/11       EV: 18    Int: 17    God:
Gold:   81         SH:  0    Dex: 16    Spells: 1 memorised, 10 levels left

rFire  + . .     SeeInvis +     h - +0 dagger
rCold  . . .     Gourm    .     d - +0 robe
rNeg   . . .     Faith    .     (shield restricted)
rPois  .         Spirit   .     (helmet restricted)
rElec  .         Reflect  .     j - +0 cloak
rCorr  .         Harm     .     (gloves unavailable)
MR     .....     Rnd*Tele +     (boots unavailable)
Stlth  ++........               (no amulet)
                                i - ring of teleportation (curse)
                                g - ring of protection from fire

@: lethally poisoned (0 -> -3), very quick
A: unfitting armour, see invisible, herbivore 3, speed 3, slow metabolism 2
a: no special abilities


You were on level 3 of the Dungeon.
You were not hungry.

You visited 1 branch of the dungeon, and saw 3 of its levels.

You collected 81 gold pieces.

Inventory:

Hand Weapons
 h - a +0 dagger (weapon)
Armour
 d - a +0 robe (worn)
 j - a +0 cloak (worn)
Jewellery
 g - a ring of protection from fire (left hand)
 i - a cursed ring of teleportation (right hand)
Wands
 k - a wand of enslavement (6/24)
Scrolls
 f - a scroll of teleportation {unknown}
 l - a scroll of recharging
Potions
 a - a potion of brilliance
 e - a potion of might
Books
 b - a book of Conjurations

   Spells                             Type                      Level
   a - Magic Dart                     Conjuration                  1
   b - Searing Ray                    Conjuration                  2
   c - Dazzling Spray                 Conjuration/Hexes            3
   d - Fulminant Prism                Conjuration/Hexes            4
   e - Iskenderun's Mystic Blast      Conjuration                  4
   f - Iskenderun's Battlesphere      Conjuration/Charms           5
Comestibles
 c - 2 bread rations


   Skills:
 + Level 0.2 Short Blades
 + Level 3.3 Dodging
 + Level 3.0 Stealth
 * Level 4.4 Spellcasting
 + Level 3.7 Conjurations


You had 10 spell levels left.
You knew the following spells:

 Your Spells              Type           Power        Failure   Level  Hunger
a - Magic Dart            Conj           ###.         3%          1    None


Dungeon Overview and Level Annotations

Branches:
Dungeon (3/15)

Altars:


Innate Abilities, Weirdness & Mutations

You are very small and have problems with some larger weapons.
You are too small for most types of armour.
You have supernaturally acute eyesight. (SInv)
You are a herbivore.
You cover ground extremely quickly.
You need consume almost no food.


Message History

You feel sick.
There is a lethal amount of poison in your body!
There is a lethal amount of poison in your body!
There is a lethal amount of poison in your body!
There is a lethal amount of poison in your body!
There is a lethal amount of poison in your body!
There is a lethal amount of poison in your body!
There is a lethal amount of poison in your body!
There is a lethal amount of poison in your body!
There is a lethal amount of poison in your body!
There is a lethal amount of poison in your body!
Unknown command.
Unknown command.
* * * LOW HITPOINT WARNING * * *
You feel sick.
* * * LOW HITPOINT WARNING * * *
You feel sick.
* * * LOW HITPOINT WARNING * * *
You feel sick.
You die...

...........'......'...)†.......
######.....#......#...#........
#.....############........
####### ########......#.
#......#......# #......#.....##
#......#.....# #............#
#@.....#.....# #......#######
####......# ##### #.........#
..... #.<.......# ......
#...##+#### ......####...#
........###.##### # #.###.....#


There were no monsters in sight!

Vanquished Creatures
  4 adders
  An ooze (D:1)
  2 worms
  2 dart slugs (D:2)
  3 leopard geckos
  2 orcs (D:3)
  3 giant cockroaches
  2 goblins
  4 hobgoblins
  4 jackals (D:2)
  5 kobolds
  3 bats
  5 frilled lizards
  6 rats
46 creatures vanquished.

Notes
Turn   | Place    | Note
-------+----------+-------------------------------------------
     0 | D:1      | ponk the Spriggan Conjurer began the quest for the Orb.
     0 | D:1      | Reached XP level 1. HP: 9/9 MP: 5/5
   459 | D:1      | Reached skill level 3 in Spellcasting
   459 | D:1      | Reached XP level 2. HP: 13/13 MP: 1/7
  1549 | D:2      | Reached XP level 3. HP: 16/16 MP: 5/9
  2572 | D:3      | Reached XP level 4. HP: 20/21 MP: 3/10
  2761 | D:3      | Reached skill level 4 in Spellcasting
  2885 | D:3      | HP: 1/21 [poisoned by an adder]
  2889 | D:3      | Succumbed to an adder's poison

Skill      XL: |  1  2  3  4 |
---------------+-------------+-----
Conjurations   | 3 |  3.7
Spellcasting   | 3 4 |  4.4
Short Blades   | |  0.2
Dodging        | |  3.3
Stealth        | |  3.0

Action                   |  1- 3 |  4- 6 || total
-------------------------+-------+-------++-------
Melee: Dagger            |    23 |    20 ||    43
 Cast: Magic Dart        |   101 |    17 ||   118
  Use: Scroll            |     6 |       ||     6
       Potion            |     2 |       ||     2
Armor: Robe              |     2 |     1 ||     3
Dodge: Dodged            |    33 |    17 ||    50
